 Dungeon Sprint DCSS version 0.29-a0-824-gd827844252 (webtiles) character file.

Game seed: 7790399946194479980

326 mhtbhm the Fighter (level 6, 0/62 HPs)
             Began as a Minotaur Fighter on July 10, 2022.
             Was an Initiate of Makhleb.
             Killed by divine providence
             ... invoked by an orc priest
              (10 damage)
             ... in the Dungeon (Sprint IX: "|||||||||||||||||||||||||||||").
             The game lasted 00:00:32 (327 turns).

mhtbhm the Fighter (Minotaur Fighter)                Turns: 327, Time: 00:00:33

Health: 0/62       AC: 10    Str: 25    XL:     6   Next: 24%
Magic:  4/7        EV: 10    Int:  5    God:    Makhleb [......]
Gold:   0          SH:  6    Dex: 13    Spells: 5/5 levels left

rFire   . . .      SeeInvis .   a - +0 flail
rCold   . . .      Faith    .   c - +0 buckler
rNeg    . . .      Spirit   .   b - +0 scale mail
rPois   .          Reflect  .   (helmet restricted)
rElec   .          Harm     .   n - +0 cloak
rCorr   .          Rampage  .   o - +0 pair of gloves
Will    .....      NoTele   +   (no boots)
Stlth   ..........              (no amulet)
HPRegen 0.20/turn               p - +3 ring of strength
MPRegen 0.10/turn               q - +3 ring of dexterity

@: no status effects
A: horns 2, retaliatory headbutt
a: Renounce Religion


You were in the Dungeon.
You worshipped Makhleb.
Makhleb was noncommittal.
You visited 1 branch

Inventory:

Hand Weapons
 a - a +0 flail (weapon)
Armour
 b - a +0 scale mail (worn)
 c - a +0 buckler (worn)
 n - a +0 cloak (worn)
 o - a +0 pair of gloves (worn)
Jewellery
 p - a +3 ring of strength (left hand)
 q - a +3 ring of dexterity (right hand)
Wands
 m - a wand of light (9)
Scrolls
 j - 2 scrolls of blinking
 l - 2 scrolls of amnesia
Potions
 d - a potion of might
 e - 5 potions of curing
 f - 3 potions of heal wounds
 g - a potion of haste
 h - 4 potions of magic
 i - a potion of berserk rage
 k - a potion of invisibility


   Skills:
 + Level 8.9 Fighting
 + Level 7.9 Maces & Flails
 + Level 8.2 Armour
 + Level 1.2 Dodging
 + Level 8.3 Shields
 * Level 3.0 Invocations


You had 5 spell levels left.
You didn't know any spells.
Your spell library was empty.

Dungeon Overview and Level Annotations

Branches:
Dungeon (1/1)

Altars:
Cheibriados
Dithmenos
Elyvilon
Fedhas
Gozag
Hepliaklqana
Kikubaaqudgha
Makhleb
Nemelex Xobeh
Okawaru
Qazlal
Ru
Sif Muna
Trog
Uskayaw
Vehumet
Wu Jian
Xom
Yredelemnul
Zin
The Shining One
Jiyva
Lugonu


Innate Abilities, Weirdness & Mutations

You have a pair of horns on your head.
You reflexively headbutt those who attack you in melee.


Message History

You block the acid dragon's attack.
The orc warrior unwields a +0 mace.
The orc warrior wields a +0 arbalest.
The orc warrior shoots a bolt.
The bolt hits the acid dragon.
Unknown command.
Unknown command.
You barely miss the acid dragon.
The acid dragon is heavily wounded.
You block the acid dragon's attack. The acid dragon completely misses you.
The orc warrior shoots a bolt.
The bolt hits the acid dragon!!
The acid dragon dies!
Your Invocations skill increases to level 3!
The gnoll sergeant closely misses you.
The orc warrior shoots a bolt.
The bolt barely misses you.
There is an open door to the Dungeon, spattered with blood here.
You barely miss the orc warrior.
You headbutt the orc warrior, but do no damage.
The orc warrior is moderately wounded.
The gnoll sergeant hits you but does no damage.
The orc warrior unwields a +0 arbalest.
The orc warrior wields a +0 mace.
The orc warrior hits you with a +0 mace!
You barely miss the orc warrior.
The orc warrior is moderately wounded.
You block the gnoll sergeant's attack.
The orc warrior hits you with a +0 mace!
Unknown command.
You thump the orc warrior!
The orc warrior is severely wounded.
The gnoll sergeant barely misses you.
The orc priest mumbles some strange prayers to Beogh against you.
Beogh smites you!
* * * LOW HITPOINT WARNING * * *
The orc warrior barely misses you.
You hit the orc warrior.
You headbutt the orc warrior, but do no damage.
The orc warrior is severely wounded.
The gnoll sergeant hits you from afar with a +0 trident!
* * * LOW HITPOINT WARNING * * *
The orc priest calls down the wrath of Beogh upon you.
Beogh smites you!
You die... ▓▓▓▓▓▓▓▓▓▓▓▓▓▓▓▓▓▓▓▓▓▓▓▓ ______'..)...[..@ogWo..+ ▓▓▓▓▓▓▓▓▓▓▓▓▓▓▓▓▓▓▓▓▓▓▓▓

You could see a wraith (blind), an orc warrior (blind), a gnoll sergeant and an orc priest.

Vanquished Creatures
  A vampire mosquito (D)
  An ice beast (D)
  2 hounds (D)
  An adder (D)
  A white imp (D)
  An endoplasm (D)
  A hobgoblin (D)
  2 frilled lizards (D)
  A rat (D)
11 creatures vanquished.

Vanquished Creatures (others)
  An acid dragon (D)
1 creature vanquished.

Grand Total: 12 creatures vanquished

Notes
Turn   | Place    | Note
-------+----------+-------------------------------------------
     0 | D        | mhtbhm the Minotaur Fighter began the quest for the Orb.
     0 | D        | Reached XP level 1. HP: 19/19 MP: 0/0
   121 | D        | Noticed an ice beast
   121 | D        | Noticed a hound
   121 | D        | Noticed a hound
   126 | D        | Killed an ice beast
   127 | D        | Reached skill level 5 in Maces & Flails
   127 | D        | Reached XP level 2. HP: 31/31 MP: 1/1
   127 | D        | Reached XP level 3. HP: 38/38 MP: 2/2
   127 | D        | Reached XP level 4. HP: 45/45 MP: 3/3
   138 | D        | Reached XP level 5. HP: 36/52 MP: 4/4
   255 | D        | Found a snail-covered altar of Cheibriados.
   255 | D        | Found a shadowy altar of Dithmenos.
   255 | D        | Found a white marble altar of Elyvilon.
   255 | D        | Found a blossoming altar of Fedhas.
   255 | D        | Found an opulent altar of Gozag.
   256 | D        | Found a hazy altar of Hepliaklqana.
   257 | D        | Found a viscous altar of Jiyva.
   258 | D        | Found an ancient bone altar of Kikubaaqudgha.
   259 | D        | Found a corrupted altar of Lugonu.
   260 | D        | Found a burning altar of Makhleb.
   261 | D        | Found a sparkling altar of Nemelex Xobeh.
   262 | D        | Found an iron altar of Okawaru.
   263 | D        | Found a stormy altar of Qazlal.
   264 | D        | Found a sacrificial altar of Ru.
   265 | D        | Found a shimmering blue altar of Sif Muna.
   266 | D        | Found a bloodstained altar of Trog.
   267 | D        | Found a hide-covered altar of Uskayaw.
   270 | D        | Became a worshipper of Makhleb the Destroyer
   271 | D        | Found a radiant altar of Vehumet.
   272 | D        | Found an ornate altar of the Wu Jian Council.
   273 | D        | Found a shimmering altar of Xom.
   274 | D        | Found a basalt altar of Yredelemnul.
   275 | D        | Found a glowing silver altar of Zin.
   276 | D        | Found a glowing golden altar of the Shining One.
   317 | D        | Noticed a vampire mosquito
   317 | D        | Noticed an acid dragon
   317 | D        | Noticed an orc warrior
   317 | D        | Noticed a wraith
   320 | D        | Killed a vampire mosquito
   321 | D        | Reached skill level 1 in Dodging
   321 | D        | Reached XP level 6. HP: 62/62 MP: 4/7
   322 | D        | Killed an acid dragon
   327 | D        | Killed from afar by an orc priest

Illustrated notes

Levels and vault maps discovered:
D:        linesprint [early_d, line_temple, items_1, d_10, items_2, lair_1,
          lair_end, items_3, orc_1, orc_end, items_4, d_15, swamp_1, shoals_1,
          snake_1, spider_1, d_20, vaults_1, items_5, swamp_end, shoals_end,
          snake_end, spider_end, vaults_end, d_27, items_6, zot_1, zot_end,
          crypt_end, forest_end, elf_end, slime_end, tomb_end, abyss_end,
          pan_hell_end]

Skill      XL: |  1  2  3  4  5  6 |
---------------+-------------------+-----
Fighting       | 6 7 8 |  8.9
Armour         | 6 7 8 |  8.2
Shields        | 6 7 8 |  8.3
Maces & Flails | 5 6 7 |  7.9
Dodging        | 1 |  1.2
Invocations    | 2 3 |  3.0

Action                   |  1- 3 |  4- 6 || total
-------------------------+-------+-------++-------
Melee: Flail             |    16 |    24 ||    40
       Headbutt          |     1 |     6 ||     7
Evoke: Wand              |       |     1 ||     1
Armor: Scale mail        |     6 |    13 ||    19
Dodge: Dodged            |     4 |     8 ||    12
Block: Buckler           |     4 |     6 ||    10

Table legend: (Time is in decaauts)
 A = Elapsed time spent in this place.
 B = Non-inter-level travel time spent in this place.
 C = Inter-level travel time spent in this place.
 D = Time resting spent in this place.
 E = Time spent auto-exploring this place.
 F = Levels seen in this place.
 G = Mean time per level.
                   A        B        C        D        E       F      G
               +--------+--------+--------+--------+--------+-----+--------+
         Total |    333 |    333 |      0 |    206 |      0 |   1 |  333.0 |
       Dungeon |    333 |    333 |      0 |    206 |      0 |   1 |  333.0 |
               +--------+--------+--------+--------+--------+-----+--------+

Top non-repeatable levels by time:
       D: 333 daAuts
